 Dungeon Crawl Stone Soup version 0.15.0-31-geb66e34 (webtiles) character file.

597 EvilAshe the Slinger (level 7, -2/42 HPs)
             Began as a Halfling Hunter on Sept 14, 2014.
             Was a Follower of Dithmenos.
             Slain by Prince Ribbit (15 damage)
             ... on Level 5 of the Dungeon.
             The game lasted 00:19:42 (4825 turns).

EvilAshe the Slinger (Halfling Hunter)              Turns: 4825, Time: 00:19:43

HP  -2/42        AC  6     Str 12      XL: 7   Next: 68%
MP   7/7         EV 11     Int 10      God: Dithmenos [*.....]
Gold 295         SH  0     Dex 17      Spells:  0 memorised,  6 levels left

rFire  . . .     SeeInvis .     b - +1 hunting sling
rCold  . . .     Clarity  .     k - +0 ring mail (curse)
rNeg   . . .     rCorr    .     (no shield)
rPois  .         rRot     .     s - +0 helmet (curse)
rElec  .         Spirit   .     (no cloak)
SustAb .         Warding  .     (no gloves)
rMut   .         Stasis   .     (no boots)
Gourm  .                        (no amulet)
MR     .....                    (no ring)
                                (no ring)

@: hasted, wreathed by umbra, very quick, not resistant to hostile enchantments,
very unstealthy
A: mutation resistance 1
a: Renounce Religion


You were on level 5 of the Dungeon.
You worshipped Dithmenos.
Dithmenos was aware of your devotion.
You were not hungry.

You visited 1 branch of the dungeon, and saw 5 of its levels.

You collected 295 gold pieces.

Inventory:

Hand weapons
 a - a +0 short sword
 b - a +1 hunting sling (weapon)
Missiles
 e - 162 stones (quivered)
Armour
 k - a cursed +0 ring mail (worn)
 s - a cursed +0 helmet (worn)
Comestibles
 f - 3 bread rations
 p - a meat ration
 t - 3 beef jerkies
 u - 2 slices of pizza
 A - 3 fruits
Scrolls
 d - 3 scrolls of magic mapping {unknown}
 g - 2 scrolls of recharging {unknown}
 i - a scroll of blinking {unknown}
 j - 5 scrolls of identify {unknown}
 r - 4 scrolls of teleportation {unknown}
 v - a scroll of immolation {unknown}
 w - 3 scrolls of amnesia {unknown}
 y - a scroll of fog {unknown}
 C - 2 scrolls of remove curse {unknown}
 E - a scroll of noise {unknown}
 J - a scroll of enchant weapon {unknown}
 L - a scroll of fear {unknown}
Jewellery
 c - an uncursed amulet of guardian spirit {unknown}
 x - a +3 ring of protection {unknown}
 z - an uncursed ring of protection from fire {unknown}
 B - an uncursed ring of stealth {unknown}
 F - an uncursed amulet of clarity {unknown}
 I - an uncursed ring of fire {unknown}
Potions
 h - a potion of cancellation {unknown}
 l - a potion of heal wounds {unknown}
 m - a potion of confusion {unknown}
 n - 2 potions of might {unknown}
 o - 4 potions of flight {unknown}
 q - 3 potions of curing {unknown}
 G - 2 potions of brilliance {unknown}
 H - a potion of restore abilities {unknown}


   Skills:
 - Level 0.8 Fighting
 + Level 12.1 Slings
 - Level 2.1 Dodging
 - Level 1.0 Stealth


You had 6 spell levels left.
You didn't know any spells.

Dungeon Overview and Level Annotations

Branches:
Dungeon (5/15)
 Temple: D:4-7

Altars:
Dithmenos
Makhleb
Nemelex Xobeh
Vehumet
Xom

Annotations:
D:3 Grinder
D:5 Prince Ribbit


Innate Abilities, Weirdness & Mutations

You are small and have problems with some larger weapons.
You are somewhat resistant to further mutation.


Message History

Aim: a phantom (almost destroyed, umbra)
You shoot a stone. The stone hits the phantom!
You destroy the phantom!
Dithmenos accepts your kill.
Your Slings skill increases to level 12!
Firing (i - inventory):
e - 163 stones (quivered)
Press: ? - help, Shift-Dir - straight line, f - Prince Ribbit
Aim: Prince Ribbit (umbra)
Okay, then.
Firing (i - inventory):
e - 163 stones (quivered)
Press: ? - help, Shift-Dir - straight line, f - Prince Ribbit
Aim: Prince Ribbit (umbra)
You shoot a stone. The stone hits Prince Ribbit.
Prince Ribbit is lightly wounded.
Prince Ribbit barely misses you.
Read which item? (? for menu, Esc to quit)
Okay, then.
Drink which item? (? for menu, Esc to quit)
You feel yourself speed up. Prince Ribbit hits you! Prince Ribbit hits you!
You die...

.# ####.# # ##
######....#..$ #.
#..(.......#.# #.
.............## #.
....... ...... .#
#######.
#..(.((##.#.##...
........ #>(.....#..#
######## #..F@...#..#
#....>. #.#.(.....#..#
#...... #............##
#...... ##........##..#
#......
#..###.##.##..###......
..# ##.....#...##...<.)
.# #...##...#.........
#...###..#..#......
#...#..(.#..#......


You could see Prince Ribbit.

Vanquished Creatures
  An ogre (D:4)
  A phantom (D:5)
  A crimson imp (D:4)
  A worker ant (D:5)
  A gnoll shaman (D:5)
  Natasha (thrice) (D:4)
  3 orc wizards (D:4)
  An ogre skeleton (D:4)
  An adder (D:3)
  8 gnolls
  An inept feature mimic (D:3)
  A worm (D:2)
  2 oozes
  13 orcs
  8 bats
  5 giant cockroaches
  14 goblins
  7 hobgoblins
  9 kobolds
  3 ball pythons
  2 giant geckos
  5 giant newts
  3 quokkas
  8 rats
102 creatures vanquished.

Notes
Turn   | Place    | Note
--------------------------------------------------------------
     0 | D:1      | EvilAshe, the Halfling Hunter, began the quest for the Orb.
     0 | D:1      | Reached XP level 1. HP: 12/12 MP: 1/1
     4 | D:1      | Noticed a tengu
     4 | D:1      | Noticed a demonspawn
     6 | D:1      | Noticed a spriggan
     6 | D:1      | Noticed a troll
     8 | D:1      | Noticed a human
     8 | D:1      | Noticed a centaur
    10 | D:1      | Noticed an elf
    10 | D:1      | Noticed a demigod
    12 | D:1      | Noticed a ghoul
    12 | D:1      | Noticed a draconian
    14 | D:1      | Noticed a formicid
    14 | D:1      | Noticed an ogre
    16 | D:1      | Noticed a vampire
    16 | D:1      | Noticed a dwarf
    18 | D:1      | Noticed a gargoyle
    20 | D:1      | Noticed a vine stalker
    20 | D:1      | Noticed a merfolk
    22 | D:1      | Noticed a felid
    22 | D:1      | Noticed a naga
    24 | D:1      | Noticed an octopode
    26 | D:1      | Noticed a minotaur
    36 | D:1      | Reached skill level 6 in Slings
   140 | D:1      | Reached XP level 2. HP: 18/18 MP: 2/2
   298 | D:1      | Reached skill level 7 in Slings
   298 | D:1      | Reached XP level 3. HP: 22/22 MP: 3/3
  1571 | D:3      | Reached XP level 4. HP: 27/27 MP: 4/4
  1604 | D:3      | Found a radiant altar of Vehumet.
  1662 | D:3      | Reached skill level 8 in Slings
  1699 | D:3      | Found a shadowy altar of Dithmenos.
  1758 | D:3      | Became a worshipper of Dithmenos the Shadowed
  1932 | D:3      | Reached XP level 5. HP: 32/32 MP: 5/5
  2113 | D:3      | Noticed Grinder
  2202 | D:4      | Reached skill level 9 in Slings
  2480 | D:4      | Noticed Natasha
  2484 | D:4      | Killed Natasha
  2484 | D:4      | Reached XP level 6. HP: 37/37 MP: 6/6
  2514 | D:4      | Noticed an ogre
  2530 | D:4      | Killed an ogre
  2530 | D:4      | Reached skill level 10 in Slings
  2700 | D:4      | Noticed Natasha
  2724 | D:4      | Killed Natasha
  2908 | D:4      | Found a sparkling altar of Nemelex Xobeh.
  2992 | D:4      | Noticed Natasha
  2995 | D:4      | Killed Natasha
  3687 | D:4      | Found a shimmering altar of Xom.
  3687 | D:4      | Found a burning altar of Makhleb.
  3700 | D:4      | Reached skill level 11 in Slings
  3700 | D:4      | Reached XP level 7. HP: 38/42 MP: 7/7
  4104 | D:5      | Entered Level 5 of the Dungeon
  4814 | D:5      | Noticed Prince Ribbit
  4821 | D:5      | Reached skill level 12 in Slings
  4825 | D:5      | Slain by Prince Ribbit

Action                   |  1- 3 |  4- 6 |  7- 9 || total
-------------------------+-------+-------+-------++-------
 Fire: Hunting sling     |   117 |   168 |   100 ||   385
Evoke: Wand              |       |       |     1 ||     1
  Use: Potion            |       |       |     1 ||     1
  Eat: Chunk             |     2 |     6 |     3 ||    11
